 Dungeon Crawl Stone Soup version 0.18.1-47-g9310371 (webtiles) character file.

60 matakusis the Caller (level 3, -3/19 HPs)
             Began as a Deep Elf Summoner on June 19, 2016.
             Killed from afar by an orc wizard (10 damage)
             ... with a magic dart
             ... on level 3 of the Dungeon.
             The game lasted 00:12:55 (2172 turns).

matakusis the Caller (Deep Elf Summoner)            Turns: 2172, Time: 00:12:56

Health: -3/19      AC:  4    Str:  5    XL:     3   Next: 82%
Magic:  3/10       EV:  8    Int: 20    God:
Gold:   83         SH:  9    Dex: 15    Spells: 3 memorised, 4 levels left

rFire  . . .     SeeInvis .     p - +0 war axe (venom)
rCold  . . .     Gourm    .     a - +1 robe
rNeg   . . .     Faith    .     e - +0 large shield (curse)
rPois  +         Spirit   .     (no helmet)
rElec  .         Dismiss  .     (no cloak)
rCorr  .         Reflect  .     (no gloves)
SustAt .         Harm     .     (no boots)
MR     .....                    (no amulet)
Stlth  ++........               d - ring of poison resistance
                                f - +1 ring of protection

@: very slightly contaminated, not resistant to hostile enchantments, unstealthy
A: no striking features
a: no special abilities


You were on level 3 of the Dungeon.
You were not hungry.

You visited 1 branch of the dungeon, and saw 3 of its levels.

You collected 83 gold pieces.

Inventory:

Hand Weapons
 p - a +0 war axe of venom (weapon)
Armour
 a - a +1 robe (worn)
 e - a cursed +0 large shield (worn)
Jewellery
 d - a ring of poison resistance (right hand)
 f - a +1 ring of protection (left hand)
Wands
 o - a wand of slowing (29/48)
Scrolls
 g - a scroll of magic mapping {unknown}
 j - a scroll of teleportation
Potions
 h - a potion of flight {unknown}
 i - 2 potions of ambrosia
 k - 2 potions of lignification
Books
 b - a book of Callings

   Spells                             Type                      Level
   a - Summon Small Mammal            Summoning                    1
   b - Call Imp                       Summoning                    2
   c - Call Canine Familiar           Summoning                    3
   d - Summon Guardian Golem          Hexes/Summoning              3
   e - Summon Lightning Spire         Summoning/Air                4
   f - Summon Ice Beast               Ice/Summoning                4
Comestibles
 c - 2 bread rations
 l - 16 fruits
 m - a chunk of flesh
 n - a slice of pizza


   Skills:
 + Level 3.0 Dodging
 - Level 2.4 Stealth
 + Level 4.0 Spellcasting
 + Level 5.2 Summonings


You had 4 spell levels left.
You knew the following spells:

 Your Spells              Type           Power        Failure   Level  Hunger
a - Summon Small Mammal   Summ           ####         41%         1    None
b - Call Imp              Summ           ####....     67%         2    #......
c - Summon Guardian Gole  Hex/Summ       ##......     100%        3    ###....


Dungeon Overview and Level Annotations

Branches:
Dungeon (3/15)

Altars:
Ashenzari
Elyvilon
Fedhas
Gozag
Okawaru


Message History

Attack!
Your white imp gestures at the orc wizard.
The puff of frost hits the orc wizard.
Casting: Call Imp
Confirm with . or Enter, or press ? or * to list all spells.
You miscast Call Imp.
Shadowy shapes form in the air around you, then vanish.
Your white imp misses the orc wizard.
A giant newt comes into view.
Your shield prevents you from hitting the orc wizard.
The orc wizard is heavily wounded.
The orc wizard hits you but does no damage.
Your white imp closely misses the orc wizard.
The giant newt bites your crimson imp.
You closely miss the orc wizard.
The orc wizard is heavily wounded.
The orc wizard points at you and mumbles some strange words.
The magic dart hits you!
Ouch! That really hurt!
You die...

#.##.#.# #.........)......#
#.#..#.# #.........)......#
#....#.####.......##########
#.#..#.#..........##......#
#....#.#.##........#.....$#
#....#.#...........#......#
#....#.###.........#......#
#..#..............5#......#
................@o.5.l.....
..#..#.............#......#
#.#..#####.#.....#.#......#
#...... #.........#......#
#....... #.#.⌠.⌠.#.#......#
#........#.....(...#......#
#.#..#####.#.....#......###
#.########...._.........#
#..........#.....#...


You could see an orc wizard, a giant newt, a friendly crimson imp and a friendly
white imp.

Vanquished Creatures
  An adder (D:2)
  A giant gecko (D:2)
  2 orcs (D:3)
  A giant cockroach (D:2)
  A jackal (D:2)
  2 quokkas
  4 bats
  A giant newt (D:1)
  A rat (D:2)
14 creatures vanquished.

Vanquished Creatures (collateral kills)
  2 adders
  An ooze (D:1)
  A worm (D:2)
  A dart slug (D:3)
  A giant gecko (D:1)
  3 bats
  A giant cockroach (D:1)
  6 goblins
  4 hobgoblins
  A jackal (D:2)
  A quokka (D:3)
  A ball python (D:3)
  3 giant newts (D:1)
  5 kobolds
  3 rats
34 creatures vanquished.

Grand Total: 48 creatures vanquished

Notes
Turn   | Place    | Note
--------------------------------------------------------------
     0 | D:1      | matakusis the Deep Elf Summoner began the quest for the Orb.
     0 | D:1      | Reached XP level 1. HP: 10/10 MP: 6/6
   363 | D:1      | Reached XP level 2. HP: 15/15 MP: 2/8
   367 | D:1      | Learned a level 2 spell: Call Imp
   610 | D:2      | Reached skill level 5 in Summonings
   836 | D:2      | Reached XP level 3. HP: 10/19 MP: 1/10
  1107 | D:2      | Found a blossoming altar of Fedhas.
  1204 | D:2      | Learned a level 3 spell: Summon Guardian Golem
  1328 | D:2      | Found a shattered altar of Ashenzari.
  1621 | D:3      | Found an iron altar of Okawaru.
  1953 | D:3      | Found a white marble altar of Elyvilon.
  1989 | D:3      | Found an opulent altar of Gozag.
  2172 | D:3      | Killed from afar by an orc wizard

Skill      XL: |  1  2  3 |
---------------+----------+-----
Summonings     | 5 |  5.2
Spellcasting   | 4 |  4.0
Dodging        | 3 |  3.0
Stealth        | |  2.4

Action                   || total
-------------------------++-------
Melee: Unarmed           ||     2
       Dagger            ||    31
       War axe           ||    22
 Cast: Summon Small Mamm ||    21
       Call Imp          ||    30
       Summon Guardian G ||     5
  Use: Potion            ||     4
       Scroll            ||     3
 Stab: Distracted        ||     1
       Sleeping          ||     1
  Eat: Chunk             ||     5
Armor: Skin              ||    11
       Robe              ||     5
Dodge: Dodged            ||    43
Block: Large shield      ||     7
